serge_lutens, lawful female human Archeologist --------------- -.............| |.............| ------- ----- |.............| *.... ..*| |......<......| |.... ...- -........)....| ....- -...| ---------.----- |...| |...| # |.)*| |...| # |...| |...| # |.!.-----...| ## # |...*.*.....|##[### # # ## -*...(.....*|### -.---#####)###[#[### ----------.--# # |...-# -[-.-.-- #### .%..|# |.:f...| |.... |>@..^.| ----- -------- serge_lutens the Field Worker Experience level: 4 Strength: 16 Dexterity: 10 Constitution: 13 Intelligence: 14 Wisdom: 14 Charisma: 8 Health: 0(36) Energy: 19(19) Def: 8 Gold: 1379 Moves: 2140 Dungeon seed: 8eGG6N7iBYgQrt56 Game ID: serge_lutens_1526209911 Your Inventory: Coins $ - 1379 gold pieces Amulets h - an uncursed amulet versus poison l - an uncursed amulet versus poison Weapons a - a blessed +2 bullwhip x - 9 +0 darts Armor e - an uncursed +0 cloak of magic resistance (being worn) u - an uncursed +0 orcish helm (being worn) w - an uncursed +0 leather armor (being worn) y - an uncursed +2 pair of high boots (being worn) Comestibles b - 4 uncursed food rations k - 2 uncursed tins of goblin meat A - 2 cursed food rations Scrolls B - an uncursed scroll of create monster C - a cursed scroll of light D - 2 cursed scrolls of remove curse E - a cursed scroll of punishment F - 2 cursed scrolls of charging G - 2 cursed scrolls of teleportation H - a cursed scroll of identify Spellbooks I - a cursed spellbook of cancellation Potions v - a potion of holy water J - a cursed potion of levitation K - an uncursed potion of confusion L - a cursed potion of hallucination M - a cursed potion of object detection O - an uncursed potion of monster detection P - a cursed potion of sleeping Q - a cursed potion of gain ability Rings g - an uncursed ring of cold resistance i - an uncursed ring of conflict R - an uncursed +4 ring of protection S - a cursed -2 ring of gain strength T - a cursed ring of warning Wands U - a cursed wand of sleep (0:8) V - a cursed wand of sleep (0:4) Tools c - a +0 pick-axe (weapon in hand) d - a tinning kit (0:56) W - a cursed tallow candle (0:200) X - a +0 unicorn horn Gems f - 2 uncursed jasper stones n - an uncursed worthless piece of black glass q - an uncursed touchstone r - an uncursed worthless piece of violet glass N - an uncursed worthless piece of white glass Y - an uncursed worthless piece of yellowish brown glass Z - a cursed worthless piece of orange glass Spells and supernatural/magical abilities: Name Level Category Fail Memory U - detect unseen 3 divination 100% 100% W - pray for help -- divine ? -- Your skills at the end: Fighting Skills Weapon Skills pick-axe [Basic] whip [Basic] Spellcasting Skills Final Attributes: You were piously aligned. You were magic-protected. You were stealthy. You were fast. You are dead. Vanquished creatures: a quasit 2 giant rats 2 green molds 2 gnomes a gnome zombie a gecko 8 jackals 2 foxes 2 kobolds 5 goblins 3 sewer rats 6 grid bugs 3 lichens 2 kobold zombies 5 newts 45 creatures vanquished. Voluntary challenges: You had followed a strict vegan diet until turn 1867. You had followed a strict vegetarian diet until turn 1867. You were an atheist. You used a wielded weapon 34 times, starting on turn 197. You read items or engraved 10 times, starting on turn 2003. You never genocided any monsters. You never polymorphed an object. You never changed form. You used no wishes. You never split a pudding. You never wrote Elbereth's name. You never violated your personal moral code. Dungeon overview: The Dungeons of Doom: levels 1 to 5 Level 1 a long staircase Level 2 a general store, a fountain, a sink Level 3 Level 4 a long staircase Level 5 <- You were here History has recorded: On T:1 you entered the Dungeons of Doom to retrieve the Amulet of Yendor! On T:416 you reached level 2 of The Dungeons of Doom. On T:857 you reached level 3 of The Dungeons of Doom. On T:898 you advanced to experience level 2. On T:1462 you reached level 4 of The Dungeons of Doom. On T:1521 you advanced to experience level 3. On T:1974 you reached level 5 of The Dungeons of Doom. On T:2033 you advanced to experience level 4. Score breakdown: Gold: 1379 (10680 points) Experience: 4 levels ( 9649 points) Exploration: 5 levels ( 10.42%) ( 8751 points) Discoveries: 8 items ( 2.68%) ( 4915 points) Valuables value: (no points given unless you survive) Artifact value: 0 ( 0 points) Variety of kills: 15 monsters ( 3.94%) ( 5952 points) Turncount: 2140 turns ( -100 points) Survival: died (score multiplied by 80%) Total score: 31877 Latest messages: You start equipping your ornamental cope. You are now wearing an ornamental cope. You drop a crude dagger. As you read the scroll, it disappears. You feel like someone is helping you. The scroll disintegrates. (You can name a scroll labeled HACKEM MUCHE from the item naming menu.) Barsik picks up a pair of hard shoes. These runes were just too much to comprehend. Barsik drops a pair of hard shoes. A gush of water hits the housecat! You feel less confused now. The crocodile bites! The crocodile hits! The crocodile bites! The crocodile hits! The crocodile bites! The crocodile hits! You die... Final status: Goodbye serge_lutens the Archeologist, killed by a crocodile, while frozen by a spellbook... You died in The Dungeons of Doom on dungeon level 5 with 31877 points, and 1379 pieces of gold, after 2140 moves. You were level 4 with a maximum of 36 hit points when you died.